 Dungeon Crawl Stone Soup version 0.19-a0-475-gfca3800 (webtiles) character file.

757566 Gorice the Cryomancer (level 27, -8/209 HPs)
             Began as a Demigod Ice Elementalist on May 28, 2016.
             Mangled by Zotasosch the pandemonium lord (44 damage)
             ... in Pandemonium on June 4, 2016.
             The game lasted 14:31:07 (123432 turns).

Gorice the Cryomancer (Demigod Ice Elementalist)  Turns: 123432, Time: 14:31:08

Health: -8/209     AC: 15    Str: 15    XL:     27
Magic:  8/50       EV: 26    Int: 51    God:
Gold:   3056       SH: 24    Dex: 20    Spells: 15 memorised, 3 levels left

rFire  + + .     SeeInvis +     C - staff of cold
rCold  + + +     Gourm    .     P - +2 robe {rC+ rF+}
rNeg   + . .     Faith    .     h - +4 shield of Bucvesodgh {+Blink Str+4}
rPois  .         Spirit   .     W - +2 helmet {Int+3}
rElec  +         Dismiss  .     M - +2 cloak
rCorr  .         Reflect  +     A - +1 pair of gloves "Nys Pyx" {*Drain MR+++ Int+2}
SustAt +         Harm     .     D - +2 pair of boots of the Assassin {DetectMon Stab+ Stlth++}
MR     +++++                    j - amulet of Recklessness {Reflect rC+ Int+4 SH+6}
Stlth  +++++.....               x - ring "Axotavi" {EV+1 Dex+4 Slay+3 SInv Stlth+}
                                i - ring of Urghaiz {rElec rF+ rC+ rN+ Int+5}

@: repel missiles, almost entirely resistant to hostile enchantments, quite
stealthy
A: high mp 1, screaming 1, sustain attributes
a: Evoke Blink
}: 6/15 runes: decaying, serpentine, slimy, silver, abyssal, demonic


You were in Pandemonium.
You were hungry.

You visited 11 branches of the dungeon, and saw 59 of its levels.
You visited Pandemonium 2 times, and saw 6 of its levels.
You visited the Abyss 1 time.
You visited 1 bazaar.
You also visited: Labyrinth, Trove and Ice Cave.

You collected 8021 gold pieces.
You spent 4965 gold pieces at shops.

Inventory:

Hand Weapons
 a - a +9 demon whip of pain
   (You found it in an ice cave)
 b - a +9 demon whip of electrocution
   (You took it off a balrug on level 1 of the Depths)
Missiles
 Y - 5 throwing nets (quivered)
Armour
 h - the +4 shield of Bucvesodgh (worn) {+Blink Str+4}
   (You took it off a minotaur in a labyrinth)

   It affects your strength (+4).
   It lets you blink.
 A - the +1 pair of gloves "Nys Pyx" (worn) {*Drain MR+++ Int+2}
   (You found it on level 10 of the Dungeon)

   It affects your intelligence (+2).
   It affects your resistance to hostile enchantments.
   It causes draining when unequipped.
 D - the +2 pair of boots of the Assassin (worn) {DetectMon Stab+ Stlth++}
   (You found it in a treasure trove)

   It makes you much more stealthy.
 M - a +2 cloak (worn)
 P - a +2 robe of resistance (worn)
   (You took it off Jorgrun on level 3 of the Swamp)
 W - a +2 helmet of intelligence (worn)
   (You bought it in a shop on level 5 of the Depths)
Magical Staves
 e - an uncursed staff of energy
 C - an uncursed staff of cold (weapon)
Rods
 L - a -2 lightning rod (14/14) {!a}
   (You took it off an ironbrand convoker on level 1 of the Vaults)
Jewellery
 i - the ring of Urghaiz (left hand) {rElec rF+ rC+ rN+ Int+5}
   (You found it on level 3 of the Crypt)

   [ring of positive energy]

   It affects your intelligence (+5).
   It protects you from fire.
   It protects you from cold.
   It insulates you from electricity.
   It protects you from negative energy.
 j - the amulet of Recklessness (around neck) {Reflect rC+ Int+4 SH+6}
   (You bought it in a shop on level 9 of the Dungeon)

   [amulet of reflection]

   It shields you and reflects attacks.
   It affects your intelligence (+4).
   It protects you from cold.
   It affects your SH (+6).
 x - the ring "Axotavi" (right hand) {EV+1 Dex+4 Slay+3 SInv Stlth+}
   (You bought it in a shop on level 5 of the Depths)

   [ring of evasion]

   It affects your evasion (+1).
   It affects your dexterity (+4).
   It affects your accuracy and damage with ranged weapons and melee attacks
   (+3).
   It lets you see invisible.
   It makes you more stealthy.
 y - the ring of Xuinwing {rPois rF+ rN+ MR+ MP+9 Slay+2}
   (You bought it in a shop on level 5 of the Depths)

   [ring of magical power]

   It affects your accuracy and damage with ranged weapons and melee attacks
   (+2).
   It protects you from fire.
   It protects you from poison.
   It protects you from negative energy.
   It affects your resistance to hostile enchantments.
   It affects your magic capacity (+9).
Wands
 c - a wand of digging (13/24)
 k - a wand of disintegration (9/24)
 m - a wand of heal wounds (7/9) {!d}
 t - a wand of hasting (4/9) {!d}
Scrolls
 d - a scroll of amnesia
 f - 10 scrolls of blinking
 g - 10 scrolls of magic mapping {!r}
 l - 6 scrolls of fear {!r}
 p - 31 scrolls of remove curse
 u - 12 scrolls of recharging
 w - 2 scrolls of summoning {!r}
 G - 4 scrolls of fog
 H - 13 scrolls of identify
 Q - 10 scrolls of teleportation {!r}
Potions
 s - 6 potions of brilliance {!q}
 v - 5 potions of heal wounds {!q}
 z - 28 potions of curing
 E - 6 potions of haste {!q}
 F - a potion of invisibility {!q}
 K - 11 potions of agility {!q}
 N - 10 potions of might {!q}
 O - 3 potions of cure mutation {!q}
 R - 2 potions of cancellation {!q}
Miscellaneous
 o - a box of beasts
 r - a lamp of fire
Comestibles
 n - 3 chunks of flesh
 I - 12 meat rations {!e}
 J - 17 fruits


   Skills:
 - Level 10.1 Fighting
 - Level 12.2 Maces & Flails
 - Level 15.0 Dodging
 - Level 1.7 Stealth
 - Level 15.0 Shields
 + Level 16.8 Spellcasting
 + Level 23.1 Conjurations
 - Level 5.0 Charms
 - Level 6.0 Summonings
 - Level 12.0 Necromancy
 + Level 23.1 Ice Magic
 - Level 10.0 Evocations


You had 3 spell levels left.
You knew the following spells:

 Your Spells              Type           Power        Failure   Level  Hunger
a - Freeze                Ice            ####         0%          1    None
b - Throw Frost           Conj/Ice       ######       0%          2    None
c - Ozocubu's Armour      Chrm/Ice       ########     0%          3    None
d - Throw Icicle          Conj/Ice       ########     0%          4    None
g - Glaciate              Conj/Ice       #########.   4%          9    ####...
h - Freezing Cloud        Conj/Ice/Air   ########..   1%          6    None
s - Iron Shot             Conj/Erth      ########..   1%          6    None
u - Dispel Undead         Necr           ########     1%          5    None
A - Apportation           Tloc           #####.....   1%          1    None
B - Summon Butterflies    Summ           #######.     1%          1    None
D - Aura of Abjuration    Summ           #######...   1%          5    None
H - Haste                 Chrm           #######.     10%         6    None
M - Repel Missiles        Chrm/Air       ######       1%          2    None
R - Regeneration          Chrm/Necr      #######...   1%          3    None
S - Swiftness             Chrm/Air       ######..     1%          2    None


Dungeon Overview and Level Annotations

Branches:
Dungeon (15/15)            Temple (0/1) D:6            Lair (8/8) D:11
  Swamp (4/4) Lair:5        Snake (4/4) Lair:6        Slime (6/6) Lair:6
    Orc (2/2) D:12            Elf (3/3) Orc:2        Vaults (5/5) D:14
  Crypt (3/3) Vaults:2       Tomb (0/3) Crypt:3      Depths (5/5) D:15
    Zot (4/5) Depths:5

Shops:
D:6 *   D:7 }   D:9 (:*=*   D:12 *   Orc:1 !   Orc:2 (=[%   Elf:1 !   Elf:2 }
Vaults:2 :   Vaults:3 !   Vaults:5 %??   Depths:1 *   Depths:2 *   Depths:5 [[=

Portals:
Hell: Depths:1 Depths:2 Depths:3 Depths:4 Depths:5
Abyss: Depths:4
Pandemonium: Depths:3 Depths:4
Ziggurat: Depths:1

Annotations:
D:3 removeelyvilon's ghost, amateur HOGl
Elf:1 Ijustatesigmund's ghost, adept HOFi


Innate Abilities, Weirdness & Mutations

You have an increased reservoir of magic. (+10% MP)
Your attributes are resistant to harm.
You occasionally shout uncontrollably at your foes.


Message History

Aim: a cacodemon (freezing vapour, severely wounded, encased in ice)
You feel a surge of power!
You conjure a mighty blast of ice!
The great icy blast engulfs Zotasosch.
Zotasosch partially resists.
Zotasosch is severely wounded.
The great icy blast engulfs the cacodemon.
The cacodemon is frozen into a solid block of ice!
You kill the cacodemon!
The great icy blast engulfs the cacodemon.
The cacodemon is frozen into a solid block of ice!
You kill the cacodemon!
You hear a roar!
Something hits the sixfirhy shaped block of ice!
Something shocks the sixfirhy shaped block of ice!
The orange demon moves out of view.
The red devil hops backward while attacking.
You block the red devil's attack. Zotasosch hits you!!!
* * * LOW HITPOINT WARNING * * *
Zotasosch burns you.
* * * LOW HITPOINT WARNING * * *
Damage: 50 (max 50) Unknown command.
Unknown command.
Unknown command.
Casting: Glaciate
Confirm with . or Enter, or press ? or * to list all spells.
Aiming: Iron Shot
Press: ? - help, Shift-Dir - straight line, f - Zotasosch
Aim: Zotasosch (freezing vapour, severely wounded, encased in ice)
The iron shot hits Zotasosch.
Zotasosch is almost dead.
You block Zotasosch's attack.
The red devil hits you from afar with a trident.
* * * LOW HITPOINT WARNING * * *
Zotasosch hits you!!
* * * LOW HITPOINT WARNING * * *
Zotasosch burns you.
* * * LOW HITPOINT WARNING * * *
Damage: 41 (max 50) Unknown command.
Unknown command.
Okay, then.
Evoke which item? (* to show all) (? for menu, Esc to quit)
Zapping:
m - a wand of heal wounds (8/9) {!d}
Press: ? - help, Shift-Dir - straight line, f - you, p - Zotasosch You feel much better.
This wand has 7 charges left.
Something hits the sixfirhy shaped block of ice.
Something hits the sixfirhy shaped block of ice but does no damage. x2
Zotasosch is engulfed in freezing vapours.
Zotasosch hits you!!!
You die...

..................§)..#
.###..................#
. #
#....§§§.....).....#
#.#....§8......).....##
#.#####§§{{.....§......
#....§#8#######)#######
#....§#8#......).......
#.....#&#..............
#.....@§#..........∩...
#.....#.#..............
#...4.'.#..............
#.....#.######'##......
#.....#.........#######
#.....#................
#+#'###................
.. .................
.....######.....


You could see Zotasosch and a red devil.

Vanquished Creatures
  the Royal Jelly (Slime:6)
  2 orbs of fire
  An ancient lich (Vaults:5)
  Boris (Depths:3)
  A pandemonium lord (Pan)
  Saint Roka (Snake:3)
  Frederick (Depths:2)
  A caustic shrike (Depths:4)
  The ghost of dracos369 the Tortoise, a veteran HaFi of Hepliaklqana (Depths:3)
  9 golden dragons
  Xtahua (Depths:4)
  Nikola (Depths:1)
  A Tzitzimitl (Pan)
  Jorgrun (Swamp:3)
  9 tentacled monstrosities
  7 liches
  8 titans
  2 quicksilver dragons
  2 deep elf blademasters (Elf:3)
  A deep elf master archer (Elf:2)
  18 acid blobs
  4 thorn hunters
  3 tentacled starspawn
  3 Executioners (Pan)
  6 death cobs
  6 sphinxes
  7 tengu reavers
  3 ancient champions
  8 shadow dragons
  2 draconian monks
  7 revenants
  7 daevas (Pan)
  7 greater nagas
  6 deep elf sorcerers
  14 storm dragons
  6 balrugs
  2 blood saints (Pan)
  11 fire giants
  9 azure jellies
  An iron dragon (Vaults:4)
  10 frost giants
  2 ghost moths
  6 draconian knights
  4 curse skulls
  18 vault wardens
  6 cacodemons (Pan)
  Aizul (Depths:1)
  2 draconian scorchers
  3 draconian zealots
  2 orc warlords
  A draconian annihilator (Zot:2)
  5 deep elf elementalists (Elf:3)
  4 reapers
  A warmonger (Pan)
  11 ghouls
  6 angels (Pan)
  A war gargoyle (Vaults:4)
  6 draconian shifters
  27 very ugly things
  15 stone giants
  A juggernaut skeleton (Crypt:2)
  15 ironheart preservers
  2 spriggan defenders
  3 ophanim (Pan)
  8 black draconians
  9 green draconians
  7 vampire knights
  5 apis (Pan)
  4 draconian callers
  A starcursed mass (Abyss:3)
  A lorocyproca (Pan)
  7 purple draconians
  7 deep elf demonologists
  A black sun (Pan)
  2 chaos champions (Pan)
  6 mottled draconians
  6 yellow draconians
  9 deep elf annihilators
  7 spark wasps
  7 white draconians
  6 eidola
  6 red draconians
  10 ettins
  4 green deaths
  10 deep elf death magi
  4 blizzard demons
  A merfolk javelineer (Depths:3)
  15 fire dragons
  27 vault guards
  13 death oozes
  17 yaktaur captains
  A minotaur (Lab)
  8 jiangshi
  11 great orbs of eyes
  8 entropy weavers
  8 deep elf high priests
  A spectral shadow dragon (Crypt:3)
  17 ice dragons
  21 hydras
  2 ghost crabs
  5 rakshasas
  14 naga warriors
  10 death knights
  2 monstrous demonspawn (Pan)
  A catoblepas (shapeshifter) (Vaults:5)
  12 anacondas
  2 anacondas (shapeshifter)
  A spectral fire giant (Crypt:3)
  15 centaur warriors
  A spriggan air mage (Depths:1)
  18 ogre magi
  2 catoblepae (Lair:8)
  24 dancing weapons
  12 deep troll shamans
  A spectral frost giant (Crypt:3)
  A hellephant zombie (Crypt:1)
  13 death yaks
  3 orc high priests
  17 deep troll earth magi
  An iron giant zombie (Crypt:1)
  5 spriggan berserkers
  12 vampire magi
  16 alligators
  A hell hog (shapeshifter) (Elf:3)
  A thrashing horror (Swamp:4)
  6 shock serpents
  8 naga sharpshooters
  3 hell knights
  5 tengu warriors
  16 sun demons
  25 deep elf knights
  3 soul eaters (Pan)
  A fire crab (Vaults:1)
  5 salamander mystics
  A wretched star (Abyss:3)
  26 skeletal warriors
  21 shadow wraiths
  7 iron trolls
  2 storm dragon skeletons
  3 cherubim (Pan)
  A giant orange brain (shapeshifter) (Vaults:4)
  A spriggan druid (Swamp:3)
  2 golden dragon zombies
  2 infernal demonspawn (Pan)
  An anaconda zombie (Crypt:2)
  A spark wasp zombie (Crypt:3)
  46 deep trolls
  5 unseen horrors
  5 naga ritualists
  2 gelid demonspawn (Pan)
  5 giant orange brains
  2 shadow demons (Pan)
  9 flayed ghosts
  A swamp dragon (shapeshifter) (Depths:4)
  2 swamp dragons
  2 hill giants
  4 torturous demonspawn (Pan)
  2 putrid demonspawn (Pan)
  A shadow dragon zombie (Crypt:1)
  An orange crystal statue (D:15)
  27 phantasmal warriors
  An anubis guard (shapeshifter) (Vaults:2)
  A lindwurm (shapeshifter) (Depths:2)
  22 deep elf archers
  2 wizards (D:15)
  A wolf spider zombie (Crypt:2)
  5 harpies (Vaults:1)
  17 ironbrand convokers
  22 orc knights
  11 necromancers
  An orb spider (shapeshifter) (Depths:1)
  An anaconda skeleton (Crypt:3)
  62 deep elf magi
  2 lindwurms
  A fire giant zombie (Crypt:3)
  3 wolf spiders
  An apis zombie (Crypt:1)
  8 griffons
  3 oklob plants (Lair:6)
  12 orc sorcerers
  4 hornets
  A spectral ice dragon (Crypt:3)
  68 ugly things
  A stone giant zombie (Vaults:2)
  5 cyclopes
  A hornet (shapeshifter) (Vaults:2)
  2 manticores
  A spectral fire dragon (Crypt:3)
  17 large abominations
  A manticore (shapeshifter) (Depths:1)
  4 mana vipers
  7 shining eyes
  A frost giant zombie (Vaults:2)
  A shining eye (shapeshifter) (Vaults:5)
  14 salamanders
  A frost giant skeleton (Vaults:2)
  2 elephants (shapeshifter)
  An iron dragon zombie (Crypt:2)
  A moth of wrath (shapeshifter) (Depths:3)
  6 sixfirhies (Pan)
  3 stone giant skeletons
  3 guardian serpents
  2 elephants (Lair:5)
  10 moths of wrath
  31 black mambas
  An eye of devastation (Slime:3)
  A dire elephant zombie (Crypt:1)
  11 orange demons
  10 smoke demons
  3 centaur skeletons
  11 vault sentinels
  A spiny frog (shapeshifter) (Depths:2)
  21 naga magi
  Psyche (D:10)
  2 ice statues (IceCv)
  A rime drake (Lair:8)
  A kobold demonologist (D:14)
  16 hellions (Pan)
  14 komodo dragons
  24 spiny frogs
  2 rime drakes (shapeshifter)
  A komodo dragon (shapeshifter) (Depths:2)
  13 freezing wraiths
  63 yaktaurs
  4 tormentors (Pan)
  17 ice devils
  A catoblepas zombie (Crypt:3)
  10 red devils
  5 tengu conjurers
  4 demonic crawlers
  An entropy weaver zombie (Vaults:2)
  A mottled draconian skeleton (Crypt:3)
  A yaktaur skeleton (Vaults:2)
  13 trolls
  A hydra zombie (Crypt:1)
  A catoblepas skeleton (Crypt:1)
  An ancient zyme (Abyss:1)
  A jumping spider (Vaults:1)
  A harpy zombie (D:15)
  2 polar bears (Lair:7)
  A merfolk (shapeshifter) (Depths:3)
  Grinder (D:3)
  81 slime creatures
  25 two-headed ogres
  A giant leech (Swamp:3)
  A raiju (Abyss:3)
  4 boulder beetles
  A hydra skeleton (Abyss:1)
  An ice dragon zombie (Crypt:2)
  A minotaur skeleton (Crypt:2)
  A snapping turtle (shapeshifter) (Vaults:4)
  18 blink frogs
  A hornet zombie (D:13)
  A raiju (shapeshifter) (Vaults:3)
  Prince Ribbit (D:5)
  16 bog bodies
  An ettin zombie (Crypt:2)
  A centaur simulacrum (D:14)
  Sigmund (D:3)
  A fire giant simulacrum (Crypt:3)
  10 shadows
  A tarantella (shapeshifter) (Elf:2)
  22 water elementals
  An air elemental (Elf:3)
  9 flying skulls (Crypt:3)
  15 redbacks
  4 tarantellas
  16 wraiths
  6 spriggans
  5 wyverns
  2 vampires
  2 hogs (shapeshifter)
  A yak (shapeshifter) (Vaults:1)
  43 yaks
  4 ynoxinuls
  5 basilisks
  3 fire elementals
  4 neqoxecs (Pan)
  2 golden eyes (Slime:5)
  A basilisk (shapeshifter) (D:15)
  A hippogriff (shapeshifter) (Vaults:2)
  11 hippogriffs
  8 hungry ghosts
  A chaos spawn (Abyss:3)
  A hill giant skeleton (Crypt:2)
  14 vampire mosquitoes
  Edmund (D:6)
  16 swamp worms
  3 mottled dragons
  40 nagas
  2 wargs
  3 insubstantial wisps (Swamp:1)
  A deep troll zombie (Vaults:2)
  A warg (shapeshifter) (Vaults:4)
  3 soldier ants
  19 water moccasins
  2 hell hounds (D:11)
  15 porcupines
  A porcupine (shapeshifter) (Depths:2)
  An ice dragon simulacrum (Crypt:1)
  A merfolk skeleton (Crypt:3)
  8 sky beasts
  5 swamp drakes
  A giant eyeball (Depths:3)
  9 ice beasts
  43 orc warriors
  2 spiny frog skeletons
  A snapping turtle zombie (Crypt:2)
  4 eyes of draining
  2 human zombies (Vaults:2)
  A black mamba simulacrum (Crypt:2)
  3 necrophages
  11 wasps
  A manticore zombie (Crypt:2)
  58 ogres
  2 phantoms
  7 boggarts
  A tengu (shapeshifter) (Elf:1)
  11 centaurs
  17 wolves
  2 elf skeletons (Vaults:2)
  5 human skeletons (Vaults:2)
  A centaur (shapeshifter) (Vaults:5)
  3 small abominations
  15 crocodiles
  Blork the orc (D:6)
  2 hog skeletons
  3 big kobolds
  21 giant frogs
  A gnoll sergeant (D:9)
  4 earth elementals
  3 scorpions
  A wyvern skeleton (D:13)
  9 killer bees
  8 wights
  3 howler monkeys
  4 electric eels
  A giant frog zombie (D:11)
  15 crimson imps
  2 lava snakes (D:15)
  3 centaur zombies
  14 orc priests
  An elf simulacrum (Crypt:1)
  11 hounds
  17 jellies
  2 quasits
  Crazy Yiuf (D:6)
  2 giant frog skeletons
  24 orc wizards
  An iron imp (Abyss:3)
  Jessica (D:2)
  6 iguanas
  5 worker ants
  Ijyb (D:2)
  Natasha (thrice) (D:2)
  A basilisk skeleton (Crypt:1)
  A two-headed ogre skeleton (Crypt:1)
  4 hell rats
  A porcupine zombie (Crypt:3)
  12 sheep
  A felid zombie (Crypt:2)
  A mottled dragon zombie (Crypt:2)
  A demigod skeleton (Crypt:3)
  A hound skeleton (D:9)
  A worker ant zombie (D:5)
  A howler monkey zombie (D:9)
  Robin (D:1)
  5 gnolls (D:9)
  16 adders
  51 river rats
  12 white imps
  2 ufetubi (IceCv)
  3 oozes
  An adder skeleton (D:9)
  An adder zombie (Crypt:3)
  2 worms
  2 dart slugs
  4 giant geckos
  91 orcs
  8 ball pythons
  6 bats
  2 giant cockroaches
  17 goblins
  13 hobgoblins
  17 jackals
  6 quokkas
  A giant gecko zombie (Crypt:2)
  9 giant newts
  A giant newt zombie (Crypt:3)
  A jackal skeleton (Crypt:2)
  17 kobolds
  9 rats
  2 blocks of ice
  2 crawling corpses (Elf:3)
  2 fungi
  5 lost souls
2857 creatures vanquished.

Vanquished Creatures (collateral kills)
  2 juggernauts
  Louise (D:14)
  A dire elephant (Lair:4)
  2 hydras
  7 naga warriors
  An ogre mage (D:15)
  2 anacondas (Snake:3)
  A catoblepas (Lair:8)
  An alligator (Swamp:1)
  2 orc high priests (Orc:2)
  9 death yaks
  3 shock serpents (Snake:1)
  5 naga sharpshooters
  A deep elf archer (Orc:2)
  A swamp dragon (Swamp:2)
  A naga ritualist (Snake:3)
  2 mana vipers
  3 lindwurms (Lair:8)
  3 orc knights
  3 deep elf magi
  A hornet (Swamp:1)
  2 griffons
  2 ugly things (Swamp:2)
  3 black mambas
  An elephant (Lair:5)
  2 naga magi (Snake:1)
  8 spiny frogs
  3 komodo dragons
  6 trolls
  13 blink frogs
  A giant leech (Swamp:2)
  2 two-headed ogres (D:15)
  12 slime creatures
  3 spriggans (Swamp:1)
  A water elemental (D:15)
  38 yaks
  3 hippogriffs
  13 vampire mosquitoes
  A swamp worm (shapeshifter) (Depths:2)
  A swamp worm (Swamp:2)
  10 nagas
  A water moccasin (Lair:2)
  A soldier ant (D:8)
  4 porcupines
  3 swamp drakes
  13 orc warriors
  4 wasps
  2 boggarts (Depths:2)
  7 ogres
  5 centaurs
  2 crocodiles
  3 giant frogs
  A hound (D:13)
  2 orc priests
  An iguana (Lair:2)
  8 orc wizards
  3 hell rats (Lair:4)
  4 sheep
  25 river rats
  An adder (D:12)
  2 white imps (IceCv)
  An ufetubus (IceCv)
  12 orcs
  A giant newt (Lair:5)
  3 fungi
286 creatures vanquished.

Vanquished Creatures (others)
  A golden dragon (Vaults:5)
  2 deep elf master archers (Elf:3)
  A warmonger (Pan)
  A blood saint (Pan)
  A frost giant (Depths:3)
  6 stone giants
  2 lorocyprocas (Pan)
  A deep elf demonologist (Elf:3)
  3 yaktaur captains
  3 centaur warriors
  An alligator (Swamp:1)
  3 naga sharpshooters (Snake:4)
  2 deep elf knights (Elf:3)
  3 deep elf archers
  A wizard (D:11)
  A salamander (Snake:3)
  5 cyclopes
  A hornet (Swamp:1)
  2 naga magi (Snake:4)
  15 yaktaurs
  A troll (Vaults:3)
  2 orc warriors (Vaults:4)
  A small abomination (Abyss:3)
  3 centaurs
  4 white imps (IceCv)
  3 ufetubi (IceCv)
  15 blocks of ice
  3 briar patches (Swamp:4)
  36 fungi
  3 lost souls
  39 plants
  9 starspawn tentacles
  22 starspawn tentacle segments (Depths:4)
  10 toadstools (Lair:4)
206 creatures vanquished.

Grand Total: 3349 creatures vanquished

Notes
Turn   | Place    | Note
--------------------------------------------------------------
     0 | D:1      | Gorice the Demigod Ice Elementalist began the quest for the Orb.
     0 | D:1      | Reached XP level 1. HP: 14/14 MP: 5/5
   155 | D:1      | Reached skill level 3 in Ice Magic
   288 | D:1      | Reached XP level 2. HP: 16/20 MP: 1/7
   529 | D:1      | Reached skill level 2 in Spellcasting
  1111 | D:1      | Learned a level 2 spell: Throw Frost
  1233 | D:2      | Reached XP level 3. HP: 22/26 MP: 4/8
  1535 | D:2      | Reached skill level 4 in Ice Magic
  1574 | D:2      | Noticed Robin
  1997 | D:1      | Killed Robin
  1997 | D:1      | Reached XP level 4. HP: 25/33 MP: 6/10
  2383 | D:2      | Found an iron altar of Okawaru.
  2432 | D:2      | Noticed Jessica
  2462 | D:2      | Killed Jessica
  2650 | D:2      | Noticed Natasha
  2761 | D:2      | Killed Natasha
  2871 | D:2      | Noticed Ijyb
  2888 | D:2      | Reached XP level 5. HP: 37/38 MP: 6/12
  2918 | D:2      | Killed Ijyb
  2918 | D:2      | Reached skill level 5 in Ice Magic
  3016 | D:2      | Noticed Natasha
  3024 | D:2      | Killed Natasha
  3098 | D:2      | Learned a level 3 spell: Ozocubu's Armour
  3103 | D:3      | Noticed removeelyvilon's ghost (amateur HOGl)
  3110 | D:2      | Reached skill level 3 in Spellcasting
  3216 | D:3      | Noticed Sigmund
  3284 | D:3      | Noticed Grinder
  3284 | D:3      | Paralysed by Grinder for 3 turns
  3381 | D:3      | Killed Sigmund
  3381 | D:3      | Reached XP level 6. HP: 14/45 MP: 4/14
  3823 | D:2      | Noticed Natasha
  3830 | D:2      | Killed Natasha
  3830 | D:2      | Reached skill level 1 in Conjurations
  3838 | D:2      | Learned a level 4 spell: Throw Icicle
  4246 | D:4      | Reached skill level 6 in Ice Magic
  4473 | D:4      | Reached skill level 2 in Conjurations
  4573 | D:4      | Found a glowing golden altar of the Shining One.
  4705 | D:4      | Reached XP level 7. HP: 47/50 MP: 11/15
  4924 | D:4      | Found a basalt altar of Yredelemnul.
  4925 | D:4      | Found a sparkling altar of Nemelex Xobeh.
  4925 | D:4      | Found an ancient bone altar of Kikubaaqudgha.
  4925 | D:4      | Found a glowing golden altar of the Shining One.
  4927 | D:4      | Found a snail-covered altar of Cheibriados.
  4928 | D:4      | Found a bloodstained altar of Trog.
  4929 | D:4      | Found an oddly glowing altar of Pakellas.
  4930 | D:4      | Found a white marble altar of Elyvilon.
  5030 | D:5      | Entered Level 5 of the Dungeon
  5179 | D:5      | Noticed Prince Ribbit
  5205 | D:5      | Noticed an air elemental
  5207 | D:5      | Found a stormy altar of Qazlal.
  5208 | D:5      | Noticed a fire elemental
  5208 | D:5      | Noticed a water elemental
  5235 | D:5      | Reached skill level 4 in Spellcasting
  5235 | D:5      | Reached skill level 3 in Conjurations
  6049 | D:5      | Reached skill level 7 in Ice Magic
  6148 | D:6      | Noticed a troll
  6172 | D:6      | Killed a troll
  6172 | D:6      | Reached skill level 4 in Conjurations
  6172 | D:6      | Reached XP level 8. HP: 57/57 MP: 4/17
  6278 | D:6      | Found Ryriwiti's Assorted Antiques.
  6302 | D:6      | Noticed Blork the orc
  6352 | D:6      | Killed Blork the orc
  6550 | D:6      | Noticed Edmund
  6556 | D:6      | Killed Edmund
  6691 | D:6      | Found a staircase to the Ecumenical Temple.
  6882 | D:6      | Reached skill level 5 in Conjurations
  7169 | D:6      | Noticed Crazy Yiuf
  7173 | D:6      | Killed Crazy Yiuf
  7355 | D:3      | Found a shadowy altar of Dithmenos.
  7355 | D:3      | Found a shattered altar of Ashenzari.
  7536 | D:3      | Paralysed by something for 3 turns
  7541 | D:3      | Paralysed by something for 2 turns
  7548 | D:3      | Paralysed by something for 3 turns
  7563 | D:3      | Killed Grinder
  7563 | D:3      | Reached skill level 8 in Ice Magic
  7933 | D:5      | Killed Prince Ribbit
  7933 | D:5      | Reached skill level 5 in Spellcasting
  8103 | D:7      | Reached XP level 9. HP: 62/62 MP: 11/20
  8109 | D:7      | Learned a level 4 spell: Summon Ice Beast
  8161 | D:7      | Reached skill level 6 in Conjurations
  8760 | D:7      | Found Jerphixush's Gadget Emporium.
  8968 | D:8      | Reached skill level 9 in Ice Magic
  9197 | D:8      | Found a blossoming altar of Fedhas.
  9206 | D:8      | Found a stormy altar of Qazlal.
  9297 | D:7      | Reached skill level 7 in Conjurations
  9838 | D:9      | Found Uwun's Book Boutique.
 10161 | D:9      | Found a blossoming altar of Fedhas.
 10247 | D:9      | Reached skill level 6 in Spellcasting
 10398 | D:9      | Found Becomoy's General Store.
 10404 | D:9      | Found Xicepueq's Assorted Antiques.
 10435 | D:9      | Found Viexaitz's Jewellery Shop.
 10475 | D:9      | Found Feycepoden's Antique Weapon Emporium.
 10555 | D:9      | Reached XP level 10. HP: 44/69 MP: 13/23
 10882 | D:10     | Entered Level 10 of the Dungeon
 10979 | D:10     | Noticed a hill giant
 11049 | D:10     | Noticed Psyche
 11053 | D:10     | Killed Psyche
 11053 | D:10     | Reached skill level 8 in Conjurations
 11156 | D:10     | Reached skill level 10 in Ice Magic
 11387 | D:10     | Killed a hill giant
 11387 | D:10     | Reached skill level 1 in Summonings
 11609 | D:10     | Got a pair of steaming gloves
 11615 | D:10     | Identified the +1 pair of gloves "Nys Pyx" {*Drain MR+++ Int+2} (You found it on level 10 of the Dungeon)
 11808 | D:10     | Reached skill level 2 in Summonings
 12346 | D:11     | Found a staircase to the Lair.
 12360 | D:11     | Noticed a purple ugly thing
 12485 | D:11     | Killed a purple ugly thing
 12485 | D:11     | Reached skill level 3 in Summonings
 12791 | D:10     | HP: 20/69 [poisoned by a kobold]
 12796 | D:10     | HP: 16/69 [poisoned by a kobold]
 12801 | D:10     | HP: 13/69 [poisoned by a kobold]
 12807 | D:10     | HP: 11/69 [poisoned by a kobold]
 12813 | D:10     | HP: 11/69 [poisoned by a kobold]
 12821 | D:10     | HP: 10/69 [poisoned by a kobold]
 13173 | D:11     | Found a bloodstained altar of Trog.
 13353 | D:11     | HP: 17/69 [centaur/arrow (13)]
 13673 | D:8      | Reached skill level 4 in Summonings
 13870 | D:8      | Reached skill level 7 in Spellcasting
 14745 | D:11     | Reached skill level 11 in Ice Magic
 14745 | D:11     | Reached XP level 11. HP: 74/74 MP: 16/25
 15196 | Lair:1   | Entered Level 1 of the Lair of Beasts
 15213 | Lair:1   | Reached skill level 5 in Summonings
 15529 | Lair:1   | Noticed a five-headed hydra
 15543 | Lair:1   | Killed a five-headed hydra
 15781 | D:11     | HP: 22/74 [ogre/giant spiked club (22)]
 16240 | Lair:1   | Reached skill level 6 in Summonings
 16574 | Lair:2   | Reached skill level 1 in Charms
 16871 | Lair:1   | Noticed a seven-headed hydra
 17152 | Lair:2   | Reached skill level 2 in Charms
 17918 | Lair:2   | Reached skill level 8 in Spellcasting
 18364 | Lair:2   | Killed a seven-headed hydra
 18364 | Lair:2   | Reached skill level 12 in Ice Magic
 19261 | Lair:3   | Reached skill level 9 in Spellcasting
 19828 | Lair:2   | Reached XP level 12. HP: 62/81 MP: 12/29
 20349 | D:9      | Bought the amulet of Recklessness {Reflect rC+ Int+4 SH+6} for 711 gold pieces
 21313 | Lair:3   | Reached skill level 3 in Charms
 21685 | Lair:4   | Noticed a four-headed hydra
 21713 | Lair:3   | Reached skill level 10 in Spellcasting
 22005 | Lair:4   | Reached skill level 1 in Fighting
 22022 | Lair:4   | HP: 22/84 [black mamba (9)]
 22027 | Lair:4   | HP: 22/84 [river rat (1)]
 22029 | Lair:3   | HP: 10/84 [black mamba (13)]
 22035 | Lair:3   | HP: 7/84 [river rat (5)]
 22041 | Lair:3   | HP: 17/84 [black mamba (8)]
 22041 | Lair:3   | HP: 4/84 [black mamba (13)]
 22578 | Lair:4   | Reached skill level 2 in Fighting
 22825 | Lair:4   | Killed a four-headed hydra
 22825 | Lair:4   | Reached skill level 3 in Fighting
 23100 | Lair:4   | Noticed a dire elephant
 23974 | Lair:3   | HP: 22/91 [wolf (8)]
 23975 | Lair:3   | HP: 6/91 [wolf (11)]
 23990 | Lair:3   | Reached skill level 13 in Ice Magic
 23996 | Lair:2   | HP: 26/91 [wolf (3)]
 24453 | Lair:4   | Reached skill level 4 in Fighting
 24547 | Lair:4   | Reached skill level 2 in Dodging
 24947 | Lair:5   | Found a staircase to the Swamp.
 25025 | Lair:5   | Found a labyrinth entrance.
 25058 | Lair:5   | Learned a level 3 spell: Regeneration
 25079 | Lab      | Entered a labyrinth
 25288 | Lab      | Noticed a minotaur
 25302 | Lab      | Killed a minotaur
 25302 | Lab      | Reached skill level 3 in Dodging
 25304 | Lab      | Got a slimy shield
 25319 | Lab      | Identified the Papyrus of the Rocks
 25359 | Lab      | Identified the +4 shield of Bucvesodgh {+Blink Str+4} (You took it off a minotaur in a labyrinth)
 25404 | Lair:5   | Noticed an eight-headed hydra
 25694 | Lair:5   | Reached skill level 5 in Fighting
 25950 | Lair:5   | Reached skill level 4 in Dodging
 26245 | Lair:3   | Reached XP level 13. HP: 93/101 MP: 14/31
 26890 | Lair:5   | Reached skill level 6 in Fighting
 27034 | Lair:4   | Reached skill level 5 in Dodging
 27681 | Lair:1   | Learned a level 2 spell: Swiftness
 27683 | Lair:1   | Upgraded the game from 0.19-a0-330-g034cfd4 to 0.19-a0-347-g6bb00b2
 27989 | Lair:6   | Found a staircase to the Snake Pit.
 28035 | Lair:6   | Reached skill level 6 in Dodging
 28285 | Lair:6   | Reached skill level 7 in Fighting
 30257 | Lair:7   | Reached skill level 7 in Dodging
 31031 | Lair:6   | Reached skill level 8 in Fighting
 32233 | Lair:8   | Entered Level 8 of the Lair of Beasts
 32382 | Lair:8   | Reached skill level 8 in Dodging
 33455 | Lair:8   | Reached skill level 9 in Fighting
 34145 | Lair:7   | HP: 25/111 [death yak (12)]
 34470 | Lair:7   | Reached XP level 14. HP: 86/118 MP: 8/32
 34742 | Lair:7   | Reached skill level 9 in Dodging
 36114 | Lair:8   | Reached skill level 10 in Fighting
 36782 | D:12     | Found a staircase to the Orcish Mines.
 36948 | D:12     | Found Zyrheoba's General Store.
 36981 | D:12     | Reached skill level 10 in Dodging
 37446 | D:12     | Found a sparkling altar of Nemelex Xobeh.
 38062 | Orc:1    | Entered Level 1 of the Orcish Mines
 38249 | Orc:1    | Found Ystrugar's Distillery.
 38382 | Orc:1    | Bought 2 potions of heal wounds for 130 gold pieces
 38387 | Orc:2    | Entered Level 2 of the Orcish Mines
 39031 | Orc:2    | Got an ichor-stained chain mail
 39043 | Orc:2    | Noticed an orc warlord
 39064 | Orc:2    | Killed an orc warlord
 39064 | Orc:2    | Reached skill level 11 in Dodging
 39938 | Orc:2    | HP: 35/121 [orc knight/glaive (8)]
 40356 | Orc:2    | Upgraded the game from 0.19-a0-347-g6bb00b2 to 0.19-a0-353-g6b7ed47
 40882 | Orc:2    | Found Ohiufirph's Food Shoppe.
 40882 | Orc:2    | Found Tuathoa's Armour Shoppe.
 40883 | Orc:2    | Found Utzyll's Jewellery Boutique.
 40883 | Orc:2    | Found Laitodd's Antique Weapon Boutique.
 40943 | Orc:2    | Bought a +6 ring of intelligence for 702 gold pieces
 41159 | Orc:2    | Found a staircase to the Elven Halls.
 41292 | Orc:1    | Identified the cursed +1 chain mail "Unufa" {*Drain Str+5} (You found it on level 2 of the Orcish Mines)
 41440 | Lair:3   | Reached skill level 12 in Dodging
 42161 | Lair:1   | Upgraded the game from 0.19-a0-353-g6b7ed47 to 0.19-a0-376-gf780d9b
 42258 | D:13     | Found a frozen archway.
 42381 | IceCv    | Entered an ice cave
 42879 | IceCv    | Reached skill level 1 in Shields
 43438 | D:13     | Reached skill level 2 in Shields
 43903 | D:13     | Reached XP level 15. HP: 124/126 MP: 10/33
 44624 | D:13     | Reached skill level 3 in Shields
 44638 | D:13     | Reached skill level 13 in Dodging
 45276 | D:13     | Reached skill level 4 in Shields
 45846 | D:14     | Found a gate to the Vaults.
 45847 | D:14     | Noticed Louise
 46106 | D:14     | Killed Louise
 46347 | D:14     | Reached skill level 5 in Shields
 47255 | D:15     | Entered Level 15 of the Dungeon
 47725 | D:15     | Reached skill level 6 in Shields
 47965 | D:15     | Found a staircase to the Depths.
 48548 | D:15     | Found a portal to a secret trove of treasure.
 49161 | D:15     | Reached skill level 14 in Dodging
 49471 | Orc:2    | Bought an uncursed ring of poison resistance for 240 gold pieces
 49711 | Snake:1  | Entered Level 1 of the Snake Pit
 49721 | Snake:1  | Reached skill level 7 in Shields
 50257 | Snake:1  | Found a shattered altar of Ashenzari.
 51501 | Snake:1  | Reached skill level 8 in Shields
 52129 | Snake:2  | Got a silken robe
 52130 | Snake:2  | Identified the cursed +1 robe of the Ecumenical Temple {+Blink MR+ MP+9} (You found it on level 2 of the Snake Pit)
 52596 | Snake:2  | Learned a level 2 spell: Ensorcelled Hibernation
 53027 | Snake:2  | Reached XP level 16. HP: 134/134 MP: 6/35
 53741 | Snake:3  | Reached skill level 9 in Shields
 54000 | Snake:3  | Found a gateway to a bazaar.
 54017 | Bazaar   | Entered a bazaar
 54017 | Bazaar   | Found Orghigya's Magic Scroll Boutique.
 54017 | Bazaar   | Found Deadgh's Antique Armour Boutique.
 54035 | Bazaar   | Found Warelawu's Gadget Emporium.
 54050 | Bazaar   | Found Piasir's Antique Weapon Shop.
 54061 | Bazaar   | Found Xilim's General Store.
 54080 | Bazaar   | Bought a pair of glowing boots for 85 gold pieces
 54090 | Bazaar   | Bought a shadowed robe for 108 gold pieces
 54091 | Bazaar   | Identified the +2 robe of Tottamec {Int+2} (You bought it in a shop in a bazaar)
 54099 | Bazaar   | Bought a scroll of blinking for 82 gold pieces
 54099 | Bazaar   | Bought a scroll of amnesia for 38 gold pieces
 54099 | Bazaar   | Bought a scroll of fog for 22 gold pieces
 54121 | Bazaar   | Bought a scroll of recharging for 104 gold pieces
 54121 | Bazaar   | Bought a scroll of identify for 22 gold pieces
 54121 | Bazaar   | Bought a scroll of recharging for 104 gold pieces
 54121 | Bazaar   | Bought a scroll of enchant weapon for 82 gold pieces
 54121 | Bazaar   | Bought a scroll of enchant armour for 82 gold pieces
 54151 | Snake:3  | Reached skill level 15 in Dodging
 54961 | Snake:3  | HP: 35/134 [salamander/trident (6)]
 54967 | Snake:3  | HP: 31/134 [anaconda (3)]
 54972 | Snake:3  | HP: 20/134 [anaconda (12)]
 54986 | Snake:3  | HP: 14/134 [black mamba (7)]
 55015 | Snake:3  | HP: 32/134 [black mamba (12)]
 55043 | Snake:3  | HP: 28/134 [black mamba (13)]
 55072 | Snake:3  | HP: 29/134 [black mamba (8)]
 55159 | Snake:3  | Reached skill level 10 in Shields
 55570 | Snake:3  | Gained mutation: You are dopey. (Int -2) [mutagenic glow]
 56659 | Snake:3  | Reached skill level 11 in Shields
 57275 | Lair:1   | Learned a level 2 spell: Repel Missiles
 57290 | Lair:1   | Lost mutation: You are dopey. (Int -2) [potion of cure mutation]
 57347 | Swamp:1  | Entered Level 1 of the Swamp
 58092 | Swamp:1  | HP: 30/134 [spectral seven-headed hydra[a ghost crab] (12)]
 60994 | Swamp:2  | Reached skill level 12 in Shields
 60994 | Swamp:2  | Reached skill level 11 in Spellcasting
 61603 | Swamp:3  | Noticed Jorgrun
 62091 | Swamp:3  | Killed Jorgrun
 62380 | Swamp:3  | Reached XP level 17. HP: 140/140 MP: 24/37
 62560 | Swamp:3  | Got a bloodstained hunting sling
 62570 | Swamp:3  | Identified the +7 hunting sling of Irrepressible Laughter {flame, rPois rC+ Dex+2} (You found it on level 3 of the Swamp)
 63349 | Swamp:4  | Entered Level 4 of the Swamp
 64780 | Swamp:4  | Reached skill level 12 in Spellcasting
 64868 | Swamp:4  | Reached skill level 13 in Shields
 64915 | Swamp:4  | Noticed a tentacled monstrosity
 65697 | Swamp:4  | HP: 41/140 [eight-headed hydra (14)]
 66378 | Swamp:4  | Got a decaying rune of Zot
 66715 | Vaults:1 | Entered Level 1 of the Vaults
 66824 | Vaults:1 | Reached skill level 1 in Necromancy
 67151 | Vaults:1 | Reached skill level 2 in Necromancy
 67469 | Vaults:1 | Reached skill level 14 in Shields
 67495 | Vaults:1 | Reached skill level 3 in Necromancy
 67637 | Vaults:1 | Found a burning altar of Makhleb.
 67733 | Vaults:1 | Reached skill level 4 in Necromancy
 67935 | Vaults:1 | Identified Budotaga's Guide on Intoxication and Ignition
 68319 | Vaults:1 | Reached skill level 5 in Necromancy
 68855 | Vaults:2 | Got a heavily jewelled robe
 68856 | Vaults:2 | Identified the +2 robe of the Stag {rN+++ Str-3 Int-5 Dex+5} (You found it on level 2 of the Vaults)
 69109 | Vaults:2 | Found a staircase to the Crypt.
 69131 | Vaults:2 | Reached skill level 6 in Necromancy
 69159 | Vaults:2 | Reached XP level 18. HP: 118/147 MP: 5/39
 69320 | Vaults:2 | HP: 41/147 [deep troll earth mage[an ironheart preserver] (8)]
 69649 | Vaults:2 | Reached skill level 15 in Shields
 69753 | Vaults:1 | Reached skill level 1 in Maces & Flails
 69985 | Vaults:2 | Reached skill level 7 in Necromancy
 70043 | Vaults:2 | Reached skill level 2 in Maces & Flails
 70140 | Vaults:2 | HP: 17/147 [deep elf death mage/bolt of negative energy[an ironheart preserver] (30)]
 70480 | Vaults:2 | Reached skill level 3 in Maces & Flails
 70695 | Vaults:2 | Reached skill level 4 in Maces & Flails
 70824 | Vaults:2 | Reached skill level 5 in Maces & Flails
 70867 | Vaults:2 | Found Zathom's Book Boutique.
 71008 | Vaults:2 | Reached skill level 8 in Necromancy
 71029 | Vaults:2 | Reached skill level 6 in Maces & Flails
 71687 | Vaults:2 | Reached skill level 7 in Maces & Flails
 72196 | Vaults:3 | Reached skill level 8 in Maces & Flails
 72253 | Vaults:3 | Reached skill level 9 in Necromancy
 72654 | Vaults:3 | Found Oreqiy's Distillery.
 72871 | Vaults:3 | HP: 37/147 [yaktaur captain (19)]
 72878 | Vaults:3 | HP: 28/147 [yaktaur/bolt[a yaktaur captain] (11)]
 72996 | Vaults:3 | Identified a scroll of acquirement
 73076 | Vaults:3 | Reached skill level 9 in Maces & Flails
 73236 | Vaults:3 | Reached XP level 19. HP: 154/154 MP: 13/40
 73847 | Vaults:2 | Reached skill level 10 in Maces & Flails
 74216 | Vaults:4 | Reached skill level 10 in Necromancy
 74782 | Vaults:4 | Reached skill level 11 in Maces & Flails
 75723 | Vaults:4 | Reached skill level 12 in Maces & Flails
 75797 | Vaults:4 | Noticed a golden dragon
 75912 | Vaults:4 | Reached skill level 11 in Necromancy
 75926 | Vaults:4 | Killed a golden dragon
 76719 | Snake:4  | Entered Level 4 of the Snake Pit
 76728 | Snake:4  | Reached skill level 9 in Conjurations
 76853 | Snake:4  | Noticed Saint Roka
 76870 | Snake:3  | Reached skill level 4 in Charms
 77639 | Snake:4  | Reached XP level 20. HP: 161/161 MP: 18/41
 78149 | Snake:3  | HP: 45/161 [Saint Roka/divine providence (9)]
 78153 | Snake:3  | Killed Saint Roka
 78153 | Snake:3  | Reached skill level 10 in Conjurations
 78155 | Snake:3  | HP: 28/161 [poisoned by a naga mage (bolt of poison)]
 78162 | Snake:3  | HP: 34/161 [poisoned by a naga mage (bolt of poison)]
 78170 | Snake:3  | HP: 43/161 [poisoned by a naga mage (bolt of poison)]
 78212 | Snake:3  | Reached skill level 5 in Charms
 78871 | Snake:4  | Got a serpentine rune of Zot
 79045 | Snake:1  | Reached skill level 11 in Conjurations
 79261 | Elf:1    | Entered Level 1 of the Elven Halls
 79291 | Elf:1    | Found an ancient bone altar of Kikubaaqudgha.
 79505 | Elf:1    | Found Mus Kuith's Distillery.
 79636 | Elf:1    | Reached skill level 14 in Ice Magic
 79647 | Elf:1    | Noticed Ijustatesigmund's ghost (adept HOFi)
 80293 | Elf:1    | HP: 32/161 [Ijustatesigmund's ghost (26)]
 80327 | Elf:1    | HP: 30/161 [Ijustatesigmund's ghost (10)]
 80610 | Depths:1 | Entered Level 1 of the Depths
 80662 | Depths:1 | Noticed a juggernaut
 80681 | Depths:1 | Killed a juggernaut
 80830 | Depths:1 | Noticed Nikola
 80920 | Depths:1 | Killed Nikola
 80920 | Depths:1 | Reached skill level 12 in Conjurations
 80958 | Depths:1 | Reached skill level 1 in Evocations
 81016 | Depths:1 | Reached skill level 2 in Evocations
 81315 | Depths:1 | Found a gateway to a ziggurat.
 81374 | Depths:1 | Noticed Aizul
 81386 | Depths:1 | Killed Aizul
 81645 | Depths:1 | Reached skill level 3 in Evocations
 81769 | Depths:1 | Got a crude chain mail
 81813 | Depths:1 | HP: 44/161 [deep troll earth mage/blast of metal fragments (25)]
 81819 | Depths:1 | HP: 27/161 [deep troll (18)]
 81824 | Depths:1 | HP: 22/161 [deep troll (6)]
 81832 | Depths:1 | HP: 35/161 [deep troll (11)]
 82075 | Depths:1 | Found Wuol's Assorted Antiques.
 82197 | Depths:1 | Reached skill level 4 in Evocations
 82217 | Depths:1 | Found a gateway to Hell.
 82228 | Depths:1 | Got a polished chain mail
 82235 | Depths:1 | Identified the cursed +0 chain mail of the Dwarven Hall {+Blink +Inv +Fly rPois} (You found it on level 1 of the Depths)
 82236 | Depths:1 | Identified the cursed +0 chain mail "Eleky" {rPois rC- Int+4} (You found it on level 1 of the Depths)
 82351 | Depths:1 | Found a glowing golden altar of the Shining One.
 82682 | Depths:2 | Found Lutzuysu's Island Escapes.
 82784 | Depths:2 | Reached skill level 5 in Evocations
 82798 | Depths:2 | Reached skill level 15 in Ice Magic
 82977 | Depths:2 | Reached XP level 21. HP: 116/168 MP: 34/42
 83010 | Depths:1 | Reached skill level 6 in Evocations
 83340 | Depths:2 | Reached skill level 7 in Evocations
 83614 | Depths:2 | Reached skill level 8 in Evocations
 84190 | Depths:2 | Bought a wand of digging (13/24) for 442 gold pieces
 84190 | Depths:2 | Bought a scroll of blinking for 97 gold pieces
 84195 | Depths:2 | Upgraded the game from 0.19-a0-376-gf780d9b to 0.19-a0-414-g76fec5b
 84204 | Depths:2 | Reached skill level 9 in Evocations
 84689 | Depths:3 | Reached skill level 10 in Evocations
 85103 | Depths:3 | Noticed dracos369's ghost (veteran HaFi)
 85135 | Depths:3 | Killed dracos369's ghost
 85301 | Depths:3 | Noticed Frederick
 85338 | Depths:2 | Killed Frederick
 85522 | Depths:3 | Found a one-way gate leading to the halls of Pandemonium.
 85697 | Depths:3 | Reached skill level 13 in Conjurations
 85900 | Depths:3 | Noticed Boris
 86056 | Depths:3 | Killed Boris
 86102 | Depths:3 | Noticed a golden dragon
 86118 | Depths:3 | Killed a golden dragon
 86358 | Depths:3 | HP: 28/168 [ettin/dire flail (24)]
 86467 | Depths:3 | HP: 50/168 [tentacled monstrosity (11)]
 86469 | Depths:3 | Reached skill level 12 in Necromancy
 86472 | Depths:3 | HP: 20/168 [entropy weaver (15)]
 87221 | Depths:3 | Reached skill level 14 in Conjurations
 87361 | Depths:4 | HP: 46/168 [deep troll (6)]
 87472 | Depths:4 | Reached XP level 22. HP: 164/174 MP: 5/43
 87728 | Depths:4 | Noticed Xtahua
 87734 | Depths:4 | Killed Xtahua
 87752 | Depths:4 | Noticed a juggernaut
 87753 | Depths:4 | Noticed a caustic shrike
 87786 | Depths:4 | HP: 50/174 [juggernaut (51)]
 87787 | Depths:4 | Killed a juggernaut
 88170 | Depths:4 | Found a one-way gate to the infinite horrors of the Abyss.
 88199 | Depths:4 | Reached skill level 15 in Conjurations
 88267 | Depths:4 | HP: 51/174 [something (10)]
 88274 | Depths:4 | HP: 14/174 [vampire knight/vampiric draining (23)]
 89320 | Depths:4 | Killed a caustic shrike
 90538 | Depths:5 | Entered Level 5 of the Depths
 90658 | Depths:5 | Found Gitib's Antique Armour Shop.
 90672 | Depths:5 | HP: 30/174 [???[a lich] (28)]
 90846 | Depths:5 | Reached skill level 16 in Ice Magic
 90886 | Depths:5 | Reached skill level 16 in Conjurations
 91056 | Depths:5 | Found Nuheroet's Jewellery Boutique.
 91074 | Depths:5 | Bought the ring of Xuinwing {rPois rF+ rN+ MR+ MP+9 Slay+2} for 733 gold pieces
 91074 | Depths:5 | --now that's a ring!
 91319 | Depths:5 | Found a gate to the Realm of Zot.
 91915 | Depths:5 | Found Tuhymmen's Armour Shoppe.
 91922 | Depths:5 | Bought a +0 helmet of intelligence for 207 gold pieces
 92441 | Depths:5 | Bought the ring "Axotavi" {EV+1 Dex+4 Slay+3 SInv Stlth+} for 494 gold pieces
 92444 | Depths:5 | Bought a cursed amulet of inaccuracy for 26 gold pieces
 92899 | Crypt:1  | Entered Level 1 of the Crypt
 93205 | Crypt:1  | HP: 48/174 [flayed ghost/flay_damage[a death knight] (22)]
 94038 | Crypt:1  | Reached XP level 23. HP: 148/181 MP: 18/44
 94417 | Crypt:1  | Reached skill level 17 in Ice Magic
 94741 | Crypt:1  | Reached skill level 17 in Conjurations
 96137 | Crypt:3  | Entered Level 3 of the Crypt
 96706 | Crypt:3  | Found a staircase to the Tomb.
 96840 | Crypt:3  | Upgraded the game from 0.19-a0-414-g76fec5b to 0.19-a0-450-g98b348d
 97941 | Crypt:3  | Reached skill level 18 in Ice Magic
 98158 | Crypt:3  | Reached skill level 18 in Conjurations
 98588 | Crypt:3  | HP: 35/181 [??? (26)]
 98594 | Crypt:3  | HP: 22/181 [??? (15)]
 99021 | Crypt:2  | HP: 36/181 [ghoul (29)]
 99036 | Crypt:2  | HP: 41/181 [ghoul (2)]
 99053 | Crypt:1  | HP: 40/181 [ghoul (7)]
 99059 | Crypt:1  | HP: 21/181 [ghoul (20)]
 99787 | Crypt:3  | Found an ancient bone altar of Kikubaaqudgha.
100131 | Crypt:3  | Got a twitching bronze ring
100131 | Crypt:3  | Got a steaming turquoise ring
100133 | Crypt:3  | Identified the ring of Urghaiz {rElec rF+ rC+ rN+ Int+5} (You found it on level 3 of the Crypt)
100134 | Crypt:3  | Identified the ring "Bevot" {rC++ rN+ Dex+4 Slay+3 SInv} (You found it on level 3 of the Crypt)
100135 | Crypt:3  | --damn what's with the rings this game!
100135 | Crypt:3  | --4 excellent art rings and only 2 fingers!
100167 | Crypt:3  | Identified the Reference Book on Dark Rites
100409 | Crypt:3  | Identified the Volume of Ignition and Ice
101271 | Elf:2    | Found a huge runed gate.
101271 | Elf:2    | Found a huge runed gate.
101271 | Elf:2    | Found a huge runed gate.
101271 | Elf:2    | Found a huge runed gate.
101271 | Elf:2    | Found a huge runed gate.
101323 | Elf:2    | Found Logiyqyl's Gadget Boutique.
101508 | Elf:2    | Learned a level 5 spell: Dispel Undead
102057 | Elf:2    | Reached XP level 24. HP: 182/189 MP: 44/44
102159 | Elf:3    | Entered Level 3 of the Elven Halls
102356 | Elf:2    | Reached skill level 19 in Ice Magic
102698 | Elf:2    | Reached skill level 19 in Conjurations
103834 | Elf:3    | Got a steaming marble ring
104004 | Lair:1   | Identified the ring "Homnuama" {MR+ Str+3 Dex-5 Stlth+} (You took it off a deep elf elementalist on level 3 of the Elven Halls)
104160 | Elf:3    | Got a scorched lajatang {distort}
104325 | Elf:3    | Identified Pargh's Tome of Lightness and Confrontation
104333 | Elf:3    | Learned a level 6 spell: Freezing Cloud
104333 | Elf:3    | --Freezing cloud at last!
104485 | Elf:3    | Learned a level 5 spell: Aura of Abjuration
104607 | Elf:3    | Identified the +11 lajatang "Ciegec" {distort, rF+ Str+3 Int+3} (You took it off a deep elf sorcerer on level 3 of the Elven Halls)
104608 | Elf:3    | --woah, that's a lajatang!
105103 | Elf:1    | HP: 37/189 [Ijustatesigmund's ghost (26)]
105571 | Elf:3    | Identified Zuyso's Volume of Combat Magic and Darkness (You found it on level 3 of the Elven Halls)
105575 | Elf:3    | Identified Easy Witchery
106037 | Vaults:5 | Entered Level 5 of the Vaults
106067 | Vaults:5 | Reached skill level 20 in Ice Magic
106101 | Vaults:4 | HP: 56/189 [titan/the air (5)]
106377 | Vaults:4 | Reached skill level 20 in Conjurations
107217 | Vaults:5 | Identified Nam Etij's Catalogue of Lethal Weightlessness
107221 | Vaults:5 | Identified Woiliaru's Tome of the Mountains
107473 | Vaults:5 | Identified Magic, Part Five
107628 | Vaults:5 | Noticed an ancient lich
107632 | Vaults:5 | HP: 52/189 [tentacled monstrosity (8)]
107635 | Vaults:5 | HP: 19/189 [???[an ancient lich] (10)]
107636 | Vaults:5 | Killed an ancient lich
107636 | Vaults:5 | HP: 2/189 [yaktaur captain/bolt (18)]
107654 | Vaults:5 | Reached XP level 25. HP: 48/194 MP: 22/45
107762 | Vaults:5 | Found Suwnuofi's Food Boutique.
107835 | Vaults:5 | HP: 53/194 [vault warden/uncursed long sword of pain (10)]
107970 | Vaults:5 | Found Xuidd's Magic Scroll Shoppe.
107974 | Vaults:5 | Bought a scroll of blinking for 97 gold pieces
107974 | Vaults:5 | Bought a scroll of blinking for 97 gold pieces
107982 | Vaults:5 | Found Xacaut's Magic Scroll Emporium.
108000 | Vaults:5 | Got a silver rune of Zot
108310 | Vaults:5 | Reached skill level 13 in Spellcasting
108798 | Vaults:5 | Learned a level 1 spell: Apportation
108800 | Vaults:5 | Learned a level 1 spell: Summon Butterflies
109120 | Vaults:5 | HP: 56/194 [sphinx (8)]
109123 | Vaults:5 | HP: 17/194 [sphinx/divine providence (13)]
109154 | Vaults:5 | HP: 44/194 [cloud of freezing vapour (3)]
109384 | Vaults:5 | Bought a scroll of brand weapon for 260 gold pieces
109384 | Vaults:5 | Upgraded the game from 0.19-a0-450-g98b348d to 0.19-a0-459-gb8ed64d
109600 | Lair:1   | Learned a level 9 spell: Glaciate
109853 | Zot:1    | Entered Level 1 of the Realm of Zot
110291 | Zot:1    | HP: 48/194 [quicksilver dragon[a red draconian caller] (19)]
110560 | Zot:1    | Reached skill level 21 in Ice Magic
110691 | Zot:1    | Upgraded the game from 0.19-a0-459-gb8ed64d to 0.19-a0-465-g1d1674b
110744 | Zot:1    | Got a smelly leather armour
110745 | Zot:1    | Identified the cursed +1 leather armour "Goguizaa" {*Drain rElec MP+9 Stlth+} (You found it on level 1 of the Realm of Zot)
110848 | Zot:1    | Reached skill level 21 in Conjurations
111557 | Zot:2    | Noticed an orb of fire
111562 | Zot:2    | Gained mutation: You are weak. (Str -2) [an orb of fire]
111581 | Zot:2    | Killed an orb of fire
111865 | D:15     | You paid a toll of a potion of experience to enter a treasure trove
111866 | Trove    | Entered a treasure trove
111873 | Trove    | Got a jewelled leather armour
111875 | Trove    | Got a faintly glowing cloak
111882 | Trove    | Got a shimmering cloak
111886 | Trove    | Got a pair of transparent gloves
111896 | Trove    | Got a heavily runed ring mail
111901 | Trove    | Got a faintly humming hat
111903 | Trove    | Got a jewelled hat
111954 | D:15     | Identified the +2 hat of Lilacs {Stlth+} (You found it in a treasure trove)
111964 | D:15     | Identified the +1 hat of the Greedy {-Tele rElec rCorr Str-2} (You found it in a treasure trove)
111989 | D:15     | Identified the +1 pair of gloves of the Thirsty Blessings {MP+9 Str+3 SInv} (You found it in a treasure trove)
112033 | D:15     | Identified the +1 ring mail of the King of the Hill {Regen+ Stlth+} (You found it in a treasure trove)
112044 | D:15     | Identified the +0 cloak of Vlad {+Blink rF+ Dex+3} (You found it in a treasure trove)
112054 | D:15     | Identified the -3 cloak of Pantheism {rF+ Str+5 Slay-3} (You found it in a treasure trove)
112065 | D:15     | Identified the cursed +0 leather armour "Xopliny" {rPois} (You found it in a treasure trove)
112787 | Zot:2    | Reached skill level 14 in Spellcasting
114041 | Zot:3    | Reached XP level 26. HP: 133/202 MP: 39/47
114997 | Zot:4    | Noticed an orb of fire
114999 | Zot:4    | Gained mutation: Scrolls take you a little longer to read. [an orb of fire]
115009 | Zot:4    | Killed an orb of fire
115400 | Zot:4    | Reached skill level 15 in Spellcasting
116435 | Lair:6   | Found a staircase to the Slime Pits.
116531 | Slime:1  | Entered Level 1 of the Pits of Slime
116581 | Slime:1  | Reached skill level 22 in Ice Magic
116795 | Slime:3  | Reached skill level 22 in Conjurations
117132 | Slime:6  | Entered Level 6 of the Pits of Slime
117818 | Slime:6  | Found a viscous altar of Jiyva.
117823 | Slime:6  | Gained mutation: Potions and wands are less effective at restoring your health. [a shining eye]
117843 | Slime:6  | Noticed the Royal Jelly
117845 | Slime:6  | Killed the Royal Jelly
117900 | Slime:6  | Got a scintillating marble ring
117942 | Slime:6  | Got a slimy rune of Zot
117955 | Slime:6  | Got a steaming blowgun
118023 | Slime:6  | Learned a level 6 spell: Haste
118025 | Slime:6  | Identified the ring "Foxeraw" {rF+ Stlth+} (You found it on level 6 of the Pits of Slime)
118027 | Slime:6  | Identified the +12 blowgun of Kismet {evade, Dex+2} (You found it on level 6 of the Pits of Slime)
118259 | Lair:1   | Lost mutation: Scrolls take you a little longer to read. [potion of cure mutation]
118508 | Depths:4 | Voluntarily entered the Abyss.
118526 | Abyss:1  | Found a corrupted altar of Lugonu.
118761 | Abyss:3  | Got an abyssal rune of Zot
118940 | Depths:4 | Escaped the Abyss
119073 | Depths:4 | Upgraded the game from 0.19-a0-465-g1d1674b to 0.19-a0-475-gfca3800
119348 | Lair:1   | Learned a level 6 spell: Iron Shot
119569 | Pan      | Entered Pandemonium
119844 | Pan      | Reached skill level 16 in Spellcasting
120025 | Pan      | HP: 59/202 [large abomination (2)]
120391 | Pan      | Gained mutation: Scrolls take you a little longer to read. [a neqoxec]
120400 | Pan      | HP: 40/202 [??? (25)]
120604 | Pan      | HP: 43/202 [??? (32)]
120610 | Pan      | HP: 58/202 [Tzitzimitl (3)]
120617 | Pan      | HP: 36/202 [putrid warmonger/demon whip of venom (24)]
120622 | Pan      | HP: 31/202 [poisoned by a putrid warmonger]
120627 | Pan      | HP: 36/202 [poisoned by a putrid warmonger]
120627 | Pan      | HP: 14/202 [gelid demonspawn/great sword of electrocution (22)]
120632 | Pan      | HP: 29/202 [poisoned by a putrid warmonger]
120637 | Pan      | HP: 48/202 [poisoned by a putrid warmonger]
120642 | Pan      | HP: 44/202 [poisoned by a putrid warmonger]
120647 | Pan      | HP: 42/202 [poisoned by a putrid warmonger]
120652 | Pan      | HP: 29/202 [poisoned by a putrid warmonger]
120658 | Pan      | HP: 24/202 [poisoned by a putrid warmonger]
120664 | Pan      | HP: 23/202 [poisoned by a putrid warmonger]
120672 | Pan      | HP: 21/202 [poisoned by a putrid warmonger]
120678 | Pan      | HP: 21/202 [poisoned by a putrid warmonger]
120683 | Pan      | HP: 25/202 [poisoned by a putrid warmonger]
120689 | Pan      | HP: 31/202 [poisoned by a putrid warmonger]
120697 | Pan      | HP: 41/202 [poisoned by a putrid warmonger]
120953 | Pan      | Reached XP level 27. HP: 209/209 MP: 41/49
121024 | Pan      | Noticed Boenis the pandemonium lord
121064 | Pan      | HP: 57/209 [Boenis the pandemonium lord (22)]
121065 | Pan      | HP: 28/209 [Boenis the pandemonium lord (29)]
121067 | Pan      | Killed Boenis the pandemonium lord
121552 | Pan      | Got a demonic rune of Zot
121612 | Pan      | Found an exit through the horrors of the Abyss.
122284 | Pan      | HP: 61/209 [daeva/divine providence (11)]
122444 | Pan      | Found a glowing silver altar of Zin.
122906 | Pan      | Reached skill level 23 in Ice Magic
122988 | Pan      | Lost mutation: Scrolls take you a little longer to read. [potion of cure mutation]
122988 | Pan      | Lost mutation: You are weak. (Str -2) [potion of cure mutation]
122988 | Pan      | Lost mutation: Potions and wands are less effective at restoring your health. [potion of cure mutation]
123107 | Depths:3 | Escaped Pandemonium
123136 | Pan      | Entered Pandemonium
123188 | Pan      | Found an exit through the horrors of the Abyss.
123233 | Pan      | Reached skill level 23 in Conjurations
123277 | Pan      | Noticed Zotasosch the pandemonium lord
123329 | Pan      | Gained mutation: You occasionally shout uncontrollably at your foes. [a cacodemon]
123430 | Pan      | HP: 58/209 [Zotasosch the pandemonium lord (45)]
123431 | Pan      | HP: 16/209 [Zotasosch the pandemonium lord (32)]
123432 | Pan      | Mangled by Zotasosch the pandemonium lord

Vault maps used:
D:1:      dpeg_arrival_simpleton_c
D:2:      kennysheep_the_goblin_king, okawaru_ov_weapons_minmay, first_bread,
          minmay_misc_feat_secret_circle, uniq_robin, uniq_natasha, uniq_jessica
D:3:      gammafunk_temple_overflow_wave, uniq_sigmund, uniq_grinder
D:4:      minitemple, tso_altar
D:5:      nicolae_qazlal_style_of_elements, uniq_prince_ribbit1
D:6:      temple_pool_a, serial_shops, nicolae_shop_overgrown_old_shop,
          uniq_blork_the_orc, uniq_crazy_yiuf_cottage, uniq_edmund
D:7:      serial_shops, shop
D:8:      grunt_temple_overflow_forces_of_nature, hangedman_pestilent_swarm,
          minivault_5
D:9:      basic_altar, serial_shops, kennysheep_mini_moat,
          nicolae_shop_behind_doors, shop, nicolae_shop_waterfront,
          nicolae_shop_behind_doors, minmay_hedge_maze
D:10:     uniq_psyche
D:11:     minmay_lair_entry_lava, serial_shops, bzr_entry_islet, trog_wizard
D:12:     david_orc_2, serial_shops, nicolae_shop_statue_plus,
          nemelex_altar_shiori
D:13:     portal_ice_cave_entry_pillars_1
D:14:     david_vaults_2, minmay_librarian, uniq_louise
D:15:     grunt_enter_depths_magical_seal, nicolae_lava_and_water,
          nicolae_trove_entry_free_sample, minivault_16
Lair:1:   small_statue_intersection
Lair:2:   kennysheep_rathole, st_stairs_8
Lair:4:   gammafunk_lair_enchanted_lake, minivault_25, grunt_megastairs_3
Lair:5:   minmay_swamp_entry_reptiles, lab_entry_generic, serial_bayou_lagoon_a,
          serial_bayou_pond_c, grunt_megastairs_5
Lair:6:   minmay_snake_entry_six_corridors, minmay_slime_entry_oklob_enclosed,
          small_statue_intersection
Lair:7:   grunt_forest_small_clearings, beast_lair_carwin_5
Lair:8:   evilmike_catoblepas_cave, fungi_pond_lemuel, minmay_lindwurm_lava
Swamp:1:  evilmike_swamp_ruin_house_6, swamp_pool1
Swamp:2:  evilmike_swamp_ruin_rubble_2
Swamp:3:  evilmike_swamp_ruin_house_4, swamp_pool4, uniq_jorgrun
Swamp:4:  swamp_vile
Snake:1:  basic_altar, grunt_ministairs_8, nicolae_snake_salamander_stairs,
          grunt_megastairs_2
Snake:3:  serial_shops, statue_bzr
Snake:4:  snake_pit, uniq_saint_roka
Orc:1:    serial_shops, shop_fountains
Orc:2:    st_orc_elflike, elf_legates
Elf:1:    basic_altar, serial_shops, shop, hangedman_elf_represent,
          roderic_lattice_octagonal_star
Elf:2:    serial_shops, shop_fountains, st_stairs_13
Elf:3:    grunt_elf_hall_diamonds, elf_orc_summit_meeting
Vaults:1: v_misc_12, dpeg_vaults_monster_row, nicolae_vaults_little_squares_4,
          nicolae_vaults_network_quinsquares, vaults_dpeg_diagonal,
          nicolae_vaults_little_squares_4, v_alt_pattern_5,
          nicolae_vaults_little_squares_3, vaults_dpeg_doors,
          vaults_room_grunt_arrival_ludios, basic_altar
Vaults:2: vaults_mumra_minichess, v_alt_pattern_1, grunt_vaults_funnel,
          minmay_crypt_entry_skeletal_spiral, ontoclasm_vaults_fault,
          grunt_vaults_bifocal, grunt_vaults_hallway_short,
          hangedman_vaults_maws, hangedman_vaults_variations,
          nicolae_vaults_specimen_jars, v_misc_12, v_misc_15,
          nicolae_vaults_yaktaur_gun_rack, serial_shops, shop_fountains
Vaults:3: hangedman_vaults_unwind, v_alt_pattern_2, vaults_room_pools,
          v_rooms_5, hangedman_vaults_slice, serial_shops, nicolae_shop_trees
Vaults:4: ontoclasm_vaults_eye, ontoclasm_vaults_claustrophobia,
          vaults_mumra_hexcomb, dpeg_vaults_waves,
          nicolae_vaults_inception_scallops, v_misc_32,
          vaults_mumra_chevron_long, vaults_room_fancy_cross,
          vaults_room_door_hall
Vaults:5: serial_shops
Crypt:2:  minivault_27, item_on_display_a
Crypt:3:  church_of_pain_bobbens, nicolae_tomb_entry_rubble_hallway
Depths:1: enter_ziggurat_b, lightli_too_deep, serial_shops,
          nicolae_shop_competitors_out_of_business, basic_altar,
          minmay_fire_ice_demons, kennysheep_cross_landing, uniq_aizul,
          uniq_nikola
Depths:2: minmay_strange_plus, grunt_decor_fettered, hell_entry,
          nicolae_island_escapes
Depths:3: minmay_three_patterns, hell_entry, pan_entry, hangedman_decor_lopped,
          infiniplex_staircase_trident, uniq_boris, uniq_frederick
Depths:4: hangedman_cross_cluster, hangedman_abyss_entry_splay,
          patterned_corridor, pan_entry, hangedman_geh_valley, serial_bayou,
          serial_bayou_pond_e, serial_bayou_pond_d, serial_bayou_pond_d,
          serial_bayou_ford_a, uniq_xtahua
Depths:5: evilmike_zot_entry_argh, serial_shops, shop, shop, nicolae_shop_stone,
          hell_entry, minmay_misc_feat_iff
Abyss:3:  hangedman_abyss_or_decor_lesser_grid
Pan:      evilmike_mini_pan_other_thingy, pan_blood_fountain,
          nicolae_pan_mnolegish_5, nicolae_pan_sigil_nadil,
          lemuel_hellion_island, pan_blood_fountain_small,
          evilmike_mini_pan_doors, pan_blood_fountain_small,
          grunt_pan_in_and_out, evilmike_holy_pan, nicolae_pan_hourglass,
          pan_blood_fountain_small
Lab:      nicolae_lab_dead_adventurers, labyrinth_glass_1
Bazaar:   bazaar_lake
Trove:    trove_armour_six_rooms
IceCv:    ice_cave_small_demon

Skill      XL: |  1  2  3  4  5  6  7  8  9 10 11 12 13 14 15 16 17 18 19 20 21 22 23 24 25 26 27 |
---------------+----------------------------------------------------------------------------------+-----
Ice Magic      | 3 4 5 6 7 8 9 11 12 13 15 16 18 20 21 22 23 | 23.1
Spellcasting   | 2 3 4 5 6 7 9 10 11 12 14 16 | 16.8
Conjurations   | 2 4 5 7 8 9 12 14 16 18 20 21 22 23 | 23.1
Summonings     | 4 6 |  6.0
Charms         | 2 3 4 5 |  5.0
Fighting       | 5 9 10 | 10.1
Dodging        | 4 8 12 14 15 | 15.0
Shields        | 2 8 12 14 15 | 15.0
Necromancy     | 6 9 11 12 | 12.0
Maces & Flails | 9 12 | 12.2
Evocations     | 5 10 | 10.0
Stealth        | |  1.7

Action                   |  1- 3 |  4- 6 |  7- 9 | 10-12 | 13-15 | 16-18 | 19-21 | 22-24 | 25-27 || total
-------------------------+-------+-------+-------+-------+-------+-------+-------+-------+-------++-------
Melee: Dagger            |       |     9 |     1 |       |       |       |       |       |       ||    10
       Quarterstaff      |       |       |    11 |       |       |       |       |       |       ||    11
       Flail             |       |       |    27 |   134 |   729 |   249 |       |       |       ||  1139
       Demon whip        |       |       |       |       |       |  1600 |  2547 |  2703 |  1907 ||  8757
       Staff             |       |       |       |       |       |       |       |     1 |       ||     1
Throw: Stone             |     5 |     4 |     4 |       |     5 |     1 |       |       |       ||    19
       Javelin           |       |     1 |       |       |       |       |       |       |       ||     1
 Cast: Freeze            |    80 |    65 |    40 |   152 |   163 |    84 |       |       |       ||   584
       Throw Frost       |       |    28 |   109 |   132 |    90 |    46 |    10 |     1 |     3 ||   419
       Throw Icicle      |       |       |    62 |   282 |   564 |   635 |   424 |   748 |   423 ||  3138
       Ozocubu's Armour  |       |       |     3 |    28 |   153 |   117 |    83 |   140 |    97 ||   621
       Summon Ice Beast  |       |       |       |    49 |   235 |    87 |    14 |     8 |       ||   393
       Regeneration      |       |       |       |       |     4 |    18 |    67 |    49 |    54 ||   192
       Ensorcelled Hiber |       |       |       |       |     3 |     9 |       |       |     1 ||    13
       Repel Missiles    |       |       |       |       |       |     3 |     4 |     4 |     8 ||    19
       Freezing Cloud    |       |       |       |       |       |       |       |    23 |    89 ||   112
       Dispel Undead     |       |       |       |       |       |       |       |     4 |       ||     4
       Aura of Abjuratio |       |       |       |       |       |       |       |     2 |       ||     2
       Iron Shot         |       |       |       |       |       |       |       |       |    29 ||    29
       Glaciate          |       |       |       |       |       |       |       |       |    11 ||    11
       Apportation       |       |       |       |       |       |       |       |       |     9 ||     9
       Summon Butterflie |       |       |       |       |       |       |       |       |     1 ||     1
 Abil: Evoke Blink       |       |       |       |       |       |     8 |    15 |    16 |     8 ||    47
Evoke: Wand              |       |       |     2 |       |     2 |     3 |       |     8 |    15 ||    30
       Sack of spiders   |       |       |       |       |     1 |       |       |       |       ||     1
       Rod               |       |       |       |       |       |       |     4 |       |       ||     4
       Staff of energy   |       |       |       |       |       |       |     8 |     7 |    18 ||    33
       Lamp of fire      |       |       |       |       |       |       |       |       |     1 ||     1
  Use: Scroll            |     1 |     6 |    11 |    13 |    11 |    16 |     8 |    13 |    31 ||   110
       Potion            |       |       |       |     6 |     1 |     4 |     5 |     5 |     8 ||    29
 Stab: Sleeping          |       |     1 |       |       |     3 |     2 |     4 |     5 |     4 ||    19
       Distracted        |       |       |       |       |     8 |     1 |     1 |     2 |     2 ||    14
  Eat: Chunk             |     4 |     9 |    14 |    33 |    57 |    34 |    52 |    39 |    35 ||   277
       Royal jelly       |       |       |     1 |     2 |       |     1 |     2 |     2 |       ||     8
       Bread ration      |       |       |     2 |     2 |     3 |     6 |       |     4 |     1 ||    18
       Pizza             |       |       |     1 |     1 |       |     2 |       |       |     2 ||     6
       Meat ration       |       |       |       |     2 |     3 |       |       |     2 |     3 ||    10
       Fruit             |       |       |       |       |     1 |     1 |       |     3 |     1 ||     6
       Beef jerky        |       |       |       |       |       |     2 |       |       |     2 ||     4
Armor: Robe              |    12 |    14 |    19 |   184 |   324 |   275 |   182 |   312 |   259 ||  1581
Dodge: Dodged            |    38 |    34 |    53 |   309 |   870 |  1004 |   749 |   924 |   715 ||  4696
       Deflected         |       |       |       |       |       |    17 |    57 |    28 |    31 ||   133
Block: Other             |       |       |       |    98 |   235 |       |       |       |       ||   333
       Shield            |       |       |       |       |   598 |  2307 |  1765 |  2009 |  1509 ||  8188
       Reflection        |       |       |       |       |    61 |   122 |   200 |   104 |    60 ||   547

Table legend:
 A = Turns spent in this place as a percentage of turns spent in the entire game.
 B = Non-inter-level travel turns spent in this place as a percentage of non-inter-level travel turns spent in the entire game.
 C = Inter-level travel turns spent in this place as a percentage of turns spent in this place.
 D = Turns resting spent in this place as a percentage of non-inter-level travel turns spent in this place.
 E = Turns spent auto-exploring this place as a percentage of non-inter-level travel turns spent in this place.
 F = Non-inter-level travel turns spent in this place divided by the number of levels of this place that you've seen.
                   A       B       C       D       E      F
               +-------+-------+-------+-------+-------+----------------------
         Total | 100.0 | 100.0 |   0.6 |   3.9 |   2.3 | 721.0
       Dungeon |  15.2 |  15.1 |   1.3 |   5.1 |   3.9 | 523.2
          Lair |  14.6 |  14.6 |   0.9 |   5.1 |   2.2 | 945.9
         Swamp |   4.7 |   4.7 |   0.6 |   8.4 |   3.7 | 615.0
     Snake Pit |   7.4 |   7.4 |   0.4 |   4.1 |   2.8 | 959.5
    Slime Pits |   1.9 |   1.9 |   0.1 |   4.8 |   0.1 | 161.7
  Orcish Mines |   3.3 |   3.3 |   0.9 |   3.8 |   0.5 | 861.0
   Elven Halls |   6.0 |   6.0 |   0.5 |   1.3 |   2.2 | 1040.0
        Vaults |  14.5 |  14.6 |   0.3 |   2.5 |   1.7 | 1513.6
         Crypt |   7.7 |   7.7 |   0.3 |   2.4 |   1.5 | 1330.0
        Depths |  12.5 |  12.5 |   0.5 |   2.9 |   2.2 | 1296.8
           Zot |   4.3 |   4.3 |   0.4 |   4.1 |   3.8 | 557.0
         Abyss |   0.9 |   0.9 |   0.0 |   0.0 |   0.0 | 150.3
   Pandemonium |   5.3 |   5.3 |   0.0 |   4.6 |   0.4 | 458.7
     Labyrinth |   0.5 |   0.5 |   0.0 |   0.8 |   0.0 | 250.0
        Bazaar |   0.2 |   0.2 |   0.0 |   0.0 |   0.0 | 119.0
         Trove |   0.1 |   0.1 |   0.0 |   0.0 |   0.0 |  53.0
      Ice Cave |   0.9 |   0.9 |   0.0 |   4.5 |   0.0 | 491.0
               +-------+-------+-------+-------+-------+----------------------

Vault maps used:
D:1:      dpeg_arrival_simpleton_c
D:2:      kennysheep_the_goblin_king, okawaru_ov_weapons_minmay, first_bread,
          minmay_misc_feat_secret_circle, uniq_robin, uniq_natasha, uniq_jessica
D:3:      gammafunk_temple_overflow_wave, uniq_sigmund, uniq_grinder
D:4:      minitemple, tso_altar
D:5:      nicolae_qazlal_style_of_elements, uniq_prince_ribbit1
D:6:      temple_pool_a, serial_shops, nicolae_shop_overgrown_old_shop,
          uniq_blork_the_orc, uniq_crazy_yiuf_cottage, uniq_edmund
D:7:      serial_shops, shop
D:8:      grunt_temple_overflow_forces_of_nature, hangedman_pestilent_swarm,
          minivault_5
D:9:      basic_altar, serial_shops, kennysheep_mini_moat,
          nicolae_shop_behind_doors, shop, nicolae_shop_waterfront,
          nicolae_shop_behind_doors, minmay_hedge_maze
D:10:     uniq_psyche
D:11:     minmay_lair_entry_lava, serial_shops, bzr_entry_islet, trog_wizard
D:12:     david_orc_2, serial_shops, nicolae_shop_statue_plus,
          nemelex_altar_shiori
D:13:     portal_ice_cave_entry_pillars_1
D:14:     david_vaults_2, minmay_librarian, uniq_louise
D:15:     grunt_enter_depths_magical_seal, nicolae_lava_and_water,
          nicolae_trove_entry_free_sample, minivault_16
Lair:1:   small_statue_intersection
Lair:2:   kennysheep_rathole, st_stairs_8
Lair:4:   gammafunk_lair_enchanted_lake, minivault_25, grunt_megastairs_3
Lair:5:   minmay_swamp_entry_reptiles, lab_entry_generic, serial_bayou_lagoon_a,
          serial_bayou_pond_c, grunt_megastairs_5
Lair:6:   minmay_snake_entry_six_corridors, minmay_slime_entry_oklob_enclosed,
          small_statue_intersection
Lair:7:   grunt_forest_small_clearings, beast_lair_carwin_5
Lair:8:   evilmike_catoblepas_cave, fungi_pond_lemuel, minmay_lindwurm_lava
Swamp:1:  evilmike_swamp_ruin_house_6, swamp_pool1
Swamp:2:  evilmike_swamp_ruin_rubble_2
Swamp:3:  evilmike_swamp_ruin_house_4, swamp_pool4, uniq_jorgrun
Swamp:4:  swamp_vile
Snake:1:  basic_altar, grunt_ministairs_8, nicolae_snake_salamander_stairs,
          grunt_megastairs_2
Snake:3:  serial_shops, statue_bzr
Snake:4:  snake_pit, uniq_saint_roka
Orc:1:    serial_shops, shop_fountains
Orc:2:    st_orc_elflike, elf_legates
Elf:1:    basic_altar, serial_shops, shop, hangedman_elf_represent,
          roderic_lattice_octagonal_star
Elf:2:    serial_shops, shop_fountains, st_stairs_13
Elf:3:    grunt_elf_hall_diamonds, elf_orc_summit_meeting
Vaults:1: v_misc_12, dpeg_vaults_monster_row, nicolae_vaults_little_squares_4,
          nicolae_vaults_network_quinsquares, vaults_dpeg_diagonal,
          nicolae_vaults_little_squares_4, v_alt_pattern_5,
          nicolae_vaults_little_squares_3, vaults_dpeg_doors,
          vaults_room_grunt_arrival_ludios, basic_altar
Vaults:2: vaults_mumra_minichess, v_alt_pattern_1, grunt_vaults_funnel,
          minmay_crypt_entry_skeletal_spiral, ontoclasm_vaults_fault,
          grunt_vaults_bifocal, grunt_vaults_hallway_short,
          hangedman_vaults_maws, hangedman_vaults_variations,
          nicolae_vaults_specimen_jars, v_misc_12, v_misc_15,
          nicolae_vaults_yaktaur_gun_rack, serial_shops, shop_fountains
Vaults:3: hangedman_vaults_unwind, v_alt_pattern_2, vaults_room_pools,
          v_rooms_5, hangedman_vaults_slice, serial_shops, nicolae_shop_trees
Vaults:4: ontoclasm_vaults_eye, ontoclasm_vaults_claustrophobia,
          vaults_mumra_hexcomb, dpeg_vaults_waves,
          nicolae_vaults_inception_scallops, v_misc_32,
          vaults_mumra_chevron_long, vaults_room_fancy_cross,
          vaults_room_door_hall
Vaults:5: serial_shops
Crypt:2:  minivault_27, item_on_display_a
Crypt:3:  church_of_pain_bobbens, nicolae_tomb_entry_rubble_hallway
Depths:1: enter_ziggurat_b, lightli_too_deep, serial_shops,
          nicolae_shop_competitors_out_of_business, basic_altar,
          minmay_fire_ice_demons, kennysheep_cross_landing, uniq_aizul,
          uniq_nikola
Depths:2: minmay_strange_plus, grunt_decor_fettered, hell_entry,
          nicolae_island_escapes
Depths:3: minmay_three_patterns, hell_entry, pan_entry, hangedman_decor_lopped,
          infiniplex_staircase_trident, uniq_boris, uniq_frederick
Depths:4: hangedman_cross_cluster, hangedman_abyss_entry_splay,
          patterned_corridor, pan_entry, hangedman_geh_valley, serial_bayou,
          serial_bayou_pond_e, serial_bayou_pond_d, serial_bayou_pond_d,
          serial_bayou_ford_a, uniq_xtahua
Depths:5: evilmike_zot_entry_argh, serial_shops, shop, shop, nicolae_shop_stone,
          hell_entry, minmay_misc_feat_iff
Abyss:3:  hangedman_abyss_or_decor_lesser_grid
Pan:      evilmike_mini_pan_other_thingy, pan_blood_fountain,
          nicolae_pan_mnolegish_5, nicolae_pan_sigil_nadil,
          lemuel_hellion_island, pan_blood_fountain_small,
          evilmike_mini_pan_doors, pan_blood_fountain_small,
          grunt_pan_in_and_out, evilmike_holy_pan, nicolae_pan_hourglass,
          pan_blood_fountain_small
Lab:      nicolae_lab_dead_adventurers, labyrinth_glass_1
Bazaar:   bazaar_lake
Trove:    trove_armour_six_rooms
IceCv:    ice_cave_small_demon
